 Dungeon Crawl Stone Soup version 0.20.1-1-g8b1a95d (webtiles) character file.

11403 kae the Martial Artist (level 11, -4/87 HPs)
             Began as a Demonspawn Gladiator on Sept 14, 2017.
             Was an Elder of Okawaru.
             Killed from afar by a lindwurm (30 damage)
             ... with a blast of flame
             ... on level 10 of the Dungeon.
             The game lasted 00:20:13 (10751 turns).

kae the Martial Artist (Demonspawn Gladiator)      Turns: 10751, Time: 00:20:14

Health: -4/87      AC: 13    Str: 20    XL:     11   Next: 48%
Magic:  17/17      EV: 12    Int:  9    God:    Okawaru [****..]
Gold:   615        SH:  0    Dex: 17    Spells: 10/10 levels left

rFire    . . .     SeeInvis .     - Unarmed
rCold    . . .     Gourm    .   (no shield)
rNeg     . . .     Faith    .   D - +1 chain mail "Fagovoy" {rElec Str+4} (curse)
rPois    +         Spirit   .   (helmet restricted)
rElec    +         Reflect  .   (no cloak)
rCorr    .         Harm     .   (no gloves)
MR       .....                  K - +1 pair of boots {Stlth+}
Stlth    ..........             (no amulet)
Regen    1.3/turn               O - ring of flight
MPRegen  0.2/turn               x - ring of poison resistance

@: heroism, berserk cooldown, flying, slowed, very slow
A: claws 2, hooves 1, horns 1, powered by death 2
a: Heroism, Renounce Religion, Stop Flying


You were on level 10 of the Dungeon.
You worshipped Okawaru.
Okawaru was greatly pleased with you.
You were not hungry.

You visited 2 branches of the dungeon, and saw 11 of its levels.
You also visited: Bailey.

You collected 952 gold pieces.
You spent 337 gold pieces at shops.

Inventory:

Missiles
 c - 4 throwing nets
 n - 3 javelins (quivered)
 M - 8 javelins of returning
 P - 39 tomahawks of returning
Armour
 a - a +1 leather armour
 e - a +4 chain mail
 t - the +3 ring mail of Crawling {*Slow Dex+2 SInv}
   (You found it on level 4 of the Dungeon)

   It affects your dexterity (+2).
   It lets you see invisible.
   It may slow you when you take damage.
 D - the cursed +1 chain mail "Fagovoy" (worn) {rElec Str+4}
   (You found it on level 8 of the Dungeon)

   It affects your strength (+4).
   It insulates you from electricity.
   It has a curse placed upon it.
 K - a +1 pair of boots of stealth (worn)
Jewellery
 m - an uncursed ring of ice
 x - a ring of poison resistance (right claw)
 C - a +4 ring of intelligence
 O - a ring of flight (left claw)
Wands
 z - a wand of flame (36/48)
 A - a wand of acid (5/15)
 L - a wand of random effects (27/48)
 Q - a wand of iceblast (12/15)
Scrolls
 f - 3 scrolls of enchant armour
 q - 5 scrolls of teleportation
 s - 2 scrolls of fear
 u - a scroll of amnesia
 v - 3 scrolls of magic mapping
 w - 2 scrolls of enchant weapon
 y - a scroll of fog
 F - a scroll of remove curse
 G - 3 scrolls of identify
 S - a scroll of random uselessness {unknown}
Potions
 b - a potion of heal wounds
 g - a potion of cancellation
 h - a potion of magic
 j - a potion of haste
 k - a potion of berserk rage
 l - 3 potions of lignification
 o - 2 potions of resistance
 p - a potion of brilliance
 B - a potion of might
 H - 2 potions of curing
 N - 12 potions of degeneration
Books
 I - a book of Air

   Spells                             Type                      Level
   a - Shock                          Conjuration/Air              1
   b - Swiftness                      Charms/Air                   2
   c - Static Discharge               Conjuration/Air              3
   d - Airstrike                      Air                          4
   e - Lightning Bolt                 Conjuration/Air              5
 J - a book of Minor Magic

   Spells                             Type                      Level
   a - Magic Dart                     Conjuration                  1
   b - Blink                          Translocation                2
   c - Call Imp                       Summoning                    2
   d - Slow                           Hexes                        2
   e - Conjure Flame                  Conjuration/Fire             3
   f - Mephitic Cloud                 Conjuration/Poison/Air       3
Comestibles
 d - 10 bread rations
 i - 7 meat rations
 r - a fruit
 E - 5 royal jellies


   Skills:
 + Level 8.9(13.9) Fighting
 + Level 7.4(12.4) Throwing
 - Level 2.6(7.6) Dodging
 * Level 11.5(16.5) Unarmed Combat
 + Level 9.2 Invocations


You had 10 spell levels left.
You didn't know any spells.

Dungeon Overview and Level Annotations

Branches:
Dungeon (10/15)            Temple (1/1) D:5            Lair (0/6) D:10
    Orc (0/2) D:9

Altars:
Ashenzari
Cheibriados
Dithmenos
Elyvilon
Fedhas
Gozag
Hepliaklqana
Kikubaaqudgha
Makhleb
Nemelex Xobeh
Okawaru
Qazlal
Ru
Sif Muna
Trog
Uskayaw
Xom
Yredelemnul
Zin
The Shining One

Shops:
D:7 [([?   D:8 *[(   D:9 !*

Annotations:
D:8 1 runed door


Innate Abilities, Weirdness & Mutations

You have very sharp fingernails.
You have large cloven feet.
You have a pair of small horns on your head.
You regenerate health from kills.


Message History

* * * LOW HITPOINT WARNING * * *
The lindwurm claws you.
* * * LOW HITPOINT WARNING * * *
The lindwurm claws you.
* * * LOW HITPOINT WARNING * * *
A lindwurm comes into view.
You claw the lindwurm! You headbutt the lindwurm.
The lindwurm is heavily wounded.
The lindwurm breathes flames at you. The blast of flame hits you!
You feel much better. The lindwurm bites you!
* * * LOW HITPOINT WARNING * * *
The lindwurm completely misses you.
The lindwurm claws you but does no damage.
You claw the lindwurm! x2
You kill the lindwurm!
Okawaru accepts your kill. The lindwurm breathes flames at you.
The blast of flame hits you!
You die...

# ≈§§ §§§§≈....#### .. ≈≈
§≈≈§≈≈....... .≈≈§§ ..
.§≈≈§§§§...≈.. ≈§≈§§≈
.####..≈§§§≈....... ≈§§≈§§
#.):.#§.≈§§§§.....≈ ≈≈≈≈≈.
#?|k$##.≈§≈§≈.....≈
.≈≈§§§≈.##$)>/##.≈≈≈≈≈[.....
#..§§§§§..#.@[.#..≈≈§§.......
#...≈§≈§§.†####..≈≈≈≈≈≈..####
#...≈≈§§≈†(.##...≈§§≈≈≈..#
#)...≈§§§≈≈....≈≈≈≈§≈....#
#....§≈≈≈≈≈≈≈≈≈§§≈≈§≈....#
#....≈≈≈≈≈§≈§≈§§§≈≈≈≈....#
#..[.≈≈≈§≈≈§≈≈§§≈≈.....##
#......=≈≈≈≈§≈≈§.....###
##[.....≈..≈≈≈.≈....##


You could see a lindwurm.

Vanquished Creatures
  Erolcha (D:10)
  The ghost of Agrougrou the Cleaver, a novice FoFi of Okawaru (D:8)
  The ghost of Biabri the Cleaver, a novice HOMo of Beogh (D:7)
  3 lindwurms (D:10)
  A cyclops (D:10)
  A gargoyle (D:10)
  A hippogriff (D:8)
  Sigmund (D:4)
  8 yaks
  2 humans
  2 hungry ghosts
  2 hogs (D:7)
  A steam dragon (D:9)
  A warg (D:9)
  Duvessa (D:7)
  9 orc warriors
  4 ice beasts
  3 sky beasts
  3 phantoms
  A necrophage (D:5)
  3 ogres
  2 centaurs (D:8)
  A big kobold (D:8)
  2 bullfrogs (D:9)
  Dowan (D:7)
  2 scorpions
  3 howler monkeys (D:8)
  6 electric eels (D:10)
  A centaur zombie (D:5)
  A bullfrog zombie (D:10)
  5 crimson imps
  3 hounds
  2 jellies
  15 orc priests
  12 orc wizards
  3 bullfrog skeletons
  4 iguanas
  5 worker ants
  A killer bee zombie (D:9)
  A hound skeleton (D:8)
  A worker ant zombie (D:9)
  21 adders
  6 gnolls
  A shadow imp (D:6)
  An ooze (D:4)
  An adder skeleton (D:4)
  2 worms (D:2)
  3 dart slugs
  5 leopard geckos
  36 orcs
  4 giant cockroaches
  2 gnoll zombies (D:7)
  15 goblins
  8 hobgoblins
  6 jackals
  3 quokkas
  A ball python (D:4)
  4 bats
  5 frilled lizards
  22 kobolds
  A leopard gecko skeleton (D:9)
  A quokka skeleton (D:7)
  A quokka zombie (D:7)
  6 rats
  A plant (D:10)
277 creatures vanquished.

Vanquished Creatures (others)
  A shadow imp (D:6)
  A jackal skeleton (D:6)
  A plant (D:10)
3 creatures vanquished.

Grand Total: 280 creatures vanquished

Notes
Turn   | Place    | Note
-------+----------+-------------------------------------------
     0 | D:1      | kae the Demonspawn Gladiator began the quest for the Orb.
     0 | D:1      | Reached XP level 1. HP: 16/16 MP: 1/1
   495 | D:1      | Reached skill level 3 in Unarmed Combat
   777 | D:1      | Gained mutation: You have sharp fingernails. [demonic ancestry]
   777 | D:1      | Reached XP level 2. HP: 23/23 MP: 2/2
  1151 | D:2      | Gained mutation: You regenerate a little health from kills. [demonic ancestry]
  1151 | D:2      | Reached XP level 3. HP: 28/28 MP: 3/3
  1208 | D:2      | Found a stormy altar of Qazlal.
  1833 | D:2      | Found a shadowy altar of Dithmenos.
  1885 | D:2      | Reached XP level 4. HP: 33/35 MP: 4/4
  2155 | D:2      | Reached skill level 4 in Unarmed Combat
  2660 | D:3      | Gained mutation: You have a pair of small horns on your head. [demonic ancestry]
  2660 | D:3      | Reached XP level 5. HP: 25/41 MP: 5/5
  3357 | D:3      | Found a shadowy altar of Dithmenos.
  3585 | D:3      | Reached skill level 5 in Unarmed Combat
  3640 | D:3      | Found a deep blue altar of Sif Muna.
  3708 | D:3      | Found a white marble altar of Elyvilon.
  3961 | D:4      | Gained mutation: You have very sharp fingernails. [demonic ancestry]
  3961 | D:4      | Reached XP level 6. HP: 32/48 MP: 6/6
  4142 | D:4      | Got a faintly humming ring mail
  4153 | D:4      | Identified the +3 ring mail of Crawling {*Slow Dex+2 SInv} (You found it on level 4 of the Dungeon)
  4502 | D:4      | Noticed Sigmund
  4522 | D:4      | Killed Sigmund
  4522 | D:4      | Reached skill level 6 in Unarmed Combat
  4522 | D:4      | Gained mutation: You have large cloven feet. [demonic ancestry]
  4522 | D:4      | Reached XP level 7. HP: 41/55 MP: 7/7
  4573 | D:4      | Found a bloodstained altar of Trog.
  4885 | D:4      | Found a shimmering altar of Xom.
  5235 | D:5      | Entered Level 5 of the Dungeon
  5244 | D:5      | Found a staircase to the Ecumenical Temple.
  5273 | Temple   | Entered the Ecumenical Temple
  5307 | Temple   | Became a worshipper of Warmaster Okawaru
  5332 | D:5      | Reached skill level 5 in Fighting
  5332 | D:5      | Reached skill level 7 in Unarmed Combat
  5332 | D:5      | Reached XP level 8. HP: 60/62 MP: 8/8
  5340 | D:5      | Found an ancient bone altar of Kikubaaqudgha.
  5422 | D:5      | Reached skill level 1 in Invocations
  5710 | D:5      | Reached * piety under Okawaru
  6125 | D:6      | Reached skill level 8 in Unarmed Combat
  6530 | D:6      | Found a stormy altar of Qazlal.
  6619 | D:6      | Reached XP level 9. HP: 69/69 MP: 11/11
  6682 | D:7      | Found Hyeloa's Antique Weapon Emporium.
  6697 | D:7      | Found Ukoik's Armour Shop.
  6725 | D:7      | Reached skill level 5 in Throwing
  6740 | D:7      | Reached ** piety under Okawaru
  6791 | D:7      | Noticed Dowan
  6818 | D:7      | Killed Dowan
  6930 | D:7      | Found Gedifan's Magic Scroll Boutique.
  6938 | D:7      | Bought a scroll of identify for 28 gold pieces
  6938 | D:7      | Bought a scroll of identify for 28 gold pieces
  6977 | D:7      | Noticed Duvessa
  7102 | D:7      | Killed Duvessa
  7120 | D:7      | Found Yschub's Armour Shop.
  7127 | D:7      | Noticed Biabri's ghost (novice HOMo)
  7182 | D:7      | Reached skill level 5 in Invocations
  7248 | D:7      | Reached skill level 9 in Unarmed Combat
  7481 | D:7      | Killed Biabri's ghost
  7481 | D:7      | Reached *** piety under Okawaru
  7751 | D:7      | Gained mutation: You regenerate health from kills. [demonic ancestry]
  7751 | D:7      | Reached XP level 10. HP: 66/79 MP: 14/14
  7845 | D:7      | Found a hide-covered altar of Uskayaw.
  7845 | D:7      | Found a sacrificial altar of Ru.
  7921 | D:7      | Found a basalt altar of Yredelemnul.
  8009 | D:8      | Got a jewelled chain mail
  8026 | D:8      | Identified the cursed +1 chain mail "Fagovoy" {rElec Str+4} (You found it on level 8 of the Dungeon)
  8036 | D:8      | Found Muasa's Antique Weapon Boutique.
  8096 | D:8      | Received a gift from Okawaru
  8098 | D:8      | Noticed Agrougrou's ghost (novice FoFi)
  8111 | D:8      | Killed Agrougrou's ghost
  8111 | D:8      | Reached skill level 10 in Unarmed Combat
  8305 | D:8      | Found a glowing golden altar of the Shining One.
  8305 | D:8      | Noticed an angel
  8310 | D:8      | Found a runed door.
  8509 | D:8      | Found Kutsadeywe's Assorted Antiques.
  8518 | D:8      | Bought a scroll of identify for 56 gold pieces
  8518 | D:8      | Bought a pair of runed boots for 210 gold pieces
  8621 | D:8      | Found Kiadushro's Armour Emporium.
  8995 | D:8      | Reached **** piety under Okawaru
  8995 | D:8      | Received a gift from Okawaru
  9063 | D:9      | Found Zin's Purification Station.
  9069 | D:9      | Found a glowing silver altar of Zin.
  9106 | D:9      | Found a blossoming altar of Fedhas.
  9209 | D:9      | Found a staircase to the Orcish Mines.
  9299 | D:9      | Found Zonlucko's Distillery.
  9313 | D:9      | Bought a potion of degeneration for 15 gold pieces
  9507 | D:9      | Found a flagged portal.
  9525 | Bailey   | Entered a bailey
  9605 | Bailey   | Reached XP level 11. HP: 74/86 MP: 14/17
  9686 | Bailey   | Reached skill level 11 in Unarmed Combat
  9971 | D:10     | Entered Level 10 of the Dungeon
  9998 | D:10     | Found a staircase to the Lair.
 10194 | D:10     | Noticed Erolcha
 10213 | D:10     | Killed Erolcha
 10705 | D:10     | Noticed a lindwurm
 10706 | D:10     | Noticed a lindwurm
 10738 | D:10     | Noticed a lindwurm
 10741 | D:10     | Killed a lindwurm
 10744 | D:10     | Killed a lindwurm
 10744 | D:10     | Received a gift from Okawaru
 10749 | D:10     | Noticed a lindwurm
 10751 | D:10     | Killed a lindwurm
 10751 | D:10     | Killed from afar by a lindwurm

Skill      XL: |  1  2  3  4  5  6  7  8  9 10 11 |
---------------+----------------------------------+-----
Unarmed Combat | 3 4 5 6 7 8 9 10 11 | 11.5
Fighting       | 3 4 5 6 7 8 |  8.9
Throwing       | 2 3 4 5 6 7 |  7.4
Invocations    | 3 6 8 9 |  9.2
Dodging        | |  2.6

Action                   |  1- 3 |  4- 6 |  7- 9 | 10-12 || total
-------------------------+-------+-------+-------+-------++-------
Melee: Unarmed           |   119 |   161 |   269 |   296 ||   845
       Punch             |     2 |     7 |     7 |    10 ||    26
       Headbutt          |       |    22 |    55 |    56 ||   133
       Kick              |       |       |    64 |    14 ||    78
Throw: Javelin           |     7 |    23 |    30 |     3 ||    63
Invok: Heroism           |       |       |     2 |    12 ||    14
 Abil: Evoke Flight      |       |       |       |     2 ||     2
  Use: Scroll            |       |     9 |     9 |     3 ||    21
       Potion            |       |     2 |       |     4 ||     6
 Stab: Distracted        |     1 |       |       |       ||     1
  Eat: Chunk             |     3 |     8 |    13 |    10 ||    34
       Fruit             |       |       |       |     1 ||     1
Armor: Leather armour    |    38 |     7 |       |       ||    45
       Chain mail        |       |    55 |    93 |   131 ||   279
       Skin              |       |       |       |     1 ||     1
Dodge: Dodged            |    69 |    65 |    53 |   150 ||   337
